 Dungeon Crawl Stone Soup version 0.30.0-3-ga4e48a9924 (webtiles) character file.

Game seed: 7928421107642640242

1064 monsoonserge the Covert (level 8, 0/37 HPs)
             Began as a Spriggan Enchanter on May 8, 2023.
             Was a Follower of Uskayaw.
             Slain by Duvessa
             ... wielding a +0 short sword
              (6 damage)
             ... on level 5 of the Dungeon.
             The game lasted 00:30:04 (6004 turns).

monsoonserge the Covert (Spriggan Enchanter)        Turns: 6004, Time: 00:30:05

Health: 0/37       AC:  2    Str:  4    XL:     8   Next: 6%
Magic:  10/13      EV: 18    Int: 19    God:    Uskayaw [*.....]
Gold:   366        SH:  0    Dex: 15    Spells: 6/13 levels left

rFire   . . .        a - +1 dagger
rCold   + . .        (no shield)
rNeg    . . .        b - +0 robe
rPois   +            (helmet restricted)
rElec   .            (no cloak)
rCorr   .            (gloves unavailable)
SInv    +            (boots unavailable)
Will    +....        (no amulet)
Stlth   ++++         i - ring of protection from cold
HPRegen 0.26/turn    n - ring of poison resistance
MPRegen 0.13/turn

%: no passive effects
@: confusing by touch, very quick
A: very small, no large weapons, unfitting armour, see invisible, speed 3
a: Renounce Religion, Stomp


You were on level 5 of the Dungeon.
You worshipped Uskayaw.
Uskayaw was noncommittal.
You visited 2 branches of the dungeon, and saw 7 of its levels.

You collected 366 gold pieces.

Inventory:

Hand Weapons
 a - a +1 dagger (weapon)
 w - the +4 falchion of Kauggev {flame, Str+4}
   (You found it on level 5 of the Dungeon)

   Str:       It affects your strength (+4).
Missiles
 j - 29 stones (quivered)
 x - a throwing net
 D - 3 poisoned darts
Armour
 b - a +0 robe (worn)
Magical Staves
 p - a staff of air
Jewellery
 i - a ring of protection from cold (left hand)
 n - a ring of poison resistance (right hand)
 t - a ring of protection from cold
Wands
 r - a wand of charming (8)
 v - a wand of mindburst (9)
 E - a wand of digging (4)
Scrolls
 f - a scroll of fear {unknown}
 g - 4 scrolls of immolation {unknown}
 k - 2 scrolls of identify {unknown}
 s - 3 scrolls of teleportation {unknown}
 u - a scroll of enchant weapon {unknown}
 y - a scroll of poison {unknown}
 z - a scroll of vulnerability {unknown}
 A - 2 scrolls of fog {unknown}
 C - a scroll of blinking {unknown}
Potions
 c - 3 potions of invisibility
 d - 3 potions of resistance {unknown}
 e - 4 potions of attraction {unknown}
 h - 3 potions of curing
 l - 2 potions of brilliance {unknown}
 m - a potion of ambrosia {unknown}
 o - 3 potions of mutation {unknown}
 q - a potion of cancellation {unknown}
 B - 2 potions of might {unknown}
 F - a potion of degeneration {unknown}
 G - a potion of haste {unknown}


   Skills:
 + Level 1.2 Fighting
 + Level 3.6 Short Blades
 + Level 0.5 Throwing
 + Level 4.5 Dodging
 + Level 9.0 Stealth
 - Level 3.0 Spellcasting
 + Level 6.7 Hexes
 - Level 3.0 Translocations
 - Level 1.0 Ice Magic
 * Level 2.3 Invocations
 - Level 1.0 Evocations


You had 6 spell levels left.
You knew the following spells:

 Your Spells              Type           Power      Damage    Failure   Level
a - Ensorcelled Hibernat  Hex/Ice        34%        N/A       4%          2
b - Confusing Touch       Hex            28%        N/A       3%          3
c - Blink                 Tloc           28%        N/A       7%          2

Your spell library contained the following spells:

 Spells                   Type           Power      Damage    Failure   Level
 Tukima's Dance           Hex            28%        N/A       3%          3
 Lesser Beckoning         Tloc           28%        N/A       7%          2
 Momentum Strike          Conj/Tloc      16%        3d8       12%         2
 Dazzling Flash           Conj/Hex       30%        N/A       12%         3
 Summon Guardian Golem    Hex/Summ       15%        N/A       12%         3
 Summon Small Mammal      Summ           8%         N/A       16%         1
 Sublimation of Blood     Necr           2%         N/A       22%         2
 Wereblood                Tmut           2%         N/A       22%         2
 Call Canine Familiar     Summ           2%         N/A       41%         3
 Summon Hydra             Summ           1%         N/A       100%        7


Dungeon Overview and Level Annotations

Branches:
Dungeon (6/15)             Temple (1/1) D:4

Altars:
Dithmenos
Elyvilon
Gozag
Hepliaklqana
Kikubaaqudgha
Nemelex Xobeh
Qazlal
Ru
Sif Muna
Trog
Uskayaw
Vehumet
Xom
Yredelemnul
Zin

Shops:
D:6 *

Annotations:
D:5 Duvessa
D:6 Pikel


Innate Abilities, Weirdness & Mutations

You are very small and have problems with some larger weapons.
You are too small for most types of armour.
You have supernaturally acute eyesight. (SInv)
You cover ground extremely quickly. (Speed+++)


Message History

You climb upwards.
Level annotation: Duvessa
There is a stone staircase leading down, spattered with blood here.
There is an open door here.
You hear a shout!
You hear a shout!
Duvessa shouts!
Casting: Confusing Touch (dangerous; 3% risk of failure)
Confirm with . or Enter, or press ? or * to list all spells.
Your hands begin to glow red.
Aiming: Mindburst
Press: ? - help, Shift-Dir - straight line, f - Duvessa
Aim: Duvessa, wielding a +0 short sword, wearing a +0 ring mail and carrying a wand of flame (13) (berserk, chance to confuse on hit: 41%, chance to affect: 51%) Duvessa resists with significant effort.
Duvessa rages.
Aiming: Mindburst
Press: ? - help, Shift-Dir - straight line, f/p - Duvessa
Aim: Duvessa, wielding a +0 short sword, wearing a +0 ring mail and carrying a wand of flame (13) (berserk, chance to confuse on hit: 41%, chance to affect: 51%) Duvessa's mind is blasted!!
Press: ? - help, v - describe, . - travel The floor.
Aiming: Mindburst
Press: ? - help, Shift-Dir - straight line, f/p - Duvessa
Aim: Duvessa, wielding a +0 short sword, wearing a +0 ring mail and carrying a wand of flame (13) (moderately wounded, berserk, chance to confuse on hit: 41%, chance to affect: 51%) Duvessa's mind is blasted!
Duvessa misses you.
You hit Duvessa but do no damage.
Duvessa is heavily wounded.
Duvessa hits you with a +0 short sword!
You barely miss Duvessa.
Duvessa is heavily wounded.
Duvessa hits you with a +0 short sword!
You hit Duvessa but do no damage.
Duvessa is heavily wounded.
Duvessa hits you with a +0 short sword.
You hit Duvessa but do no damage.
Duvessa is heavily wounded.
Duvessa hits you with a +0 short sword!
* * * LOW HITPOINT WARNING * * *
Duvessa hits you with a +0 short sword.
You die...

........#.#.....+...........##...
........#.#.#####.....#####.#####
.............# ####### #.# #
######.##.#..# #.# #
.......##.#..## #.# #
#########.#...# #.# #
#.#.#.########## #.# #
#########.#.#..........####.# #
................@......'...># #
..........#.##..e......####.#####
########..#...................s..
# ##.#####.###########.##### #
#..# #.# #.# # #.... #.# #.# #
#....##.# ####### #.# #
#.....#.###.....# #.# #
...#.........# #.#


You could see Duvessa (berserk).

Vanquished Creatures
  Eustachio (D:6)
  A black bear (D:2)
  2 ice beasts
  A bullfrog (D:6)
  A scorpion (D:5)
  Dowan (D:5)
  3 jellies
  A hound (D:6)
  An orc priest (D:4)
  Terence (D:2)
  A sleepcap (D:6)
  2 iguanas
  An orc wizard (D:4)
  4 gnolls (D:3)
  6 adders
  A shadow imp (D:5)
  An ufetubus (D:5)
  4 worms
  2 dart slugs
  10 orcs
  4 ball pythons
  7 endoplasms
  3 giant cockroaches
  3 goblins
  8 hobgoblins
  2 jackals (D:1)
  11 kobolds
  3 quokkas
  7 bats
  3 frilled lizards (D:1)
  4 rats
  A butterfly (D:4)
101 creatures vanquished.

Vanquished Creatures (others)
  A fungus (D:5)
  A plant (D:5)
2 creatures vanquished.

Grand Total: 103 creatures vanquished

Notes
Turn   | Place    | Note
-------+----------+-------------------------------------------
     0 | D:1      | monsoonserge the Spriggan Enchanter began the quest for the
                  | Orb.
     0 | D:1      | Reached XP level 1. HP: 9/9 MP: 5/5
   151 | D:1      | Reached XP level 2. HP: 6/13 MP: 6/6
   160 | D:1      | Learned a level 2 spell: Ensorcelled Hibernation
   821 | D:1      | Reached XP level 3. HP: 14/16 MP: 8/8
   825 | D:1      | Learned a level 3 spell: Confusing Touch
   992 | D:2      | Reached skill level 5 in Stealth
  1076 | D:2      | Learned a level 2 spell: Blink
  1374 | D:2      | Reached skill level 1 in Translocations
  1397 | D:2      | Reached XP level 4. HP: 18/21 MP: 9/9
  1647 | D:2      | Found a faded altar of an unknown god.
  1799 | D:2      | Noticed Terence
  1801 | D:2      | Noticed a black bear
  1806 | D:2      | Killed Terence
  1894 | D:2      | Killed a black bear
  1895 | D:2      | Reached skill level 6 in Stealth
  1895 | D:2      | Reached skill level 1 in Ice Magic
  1895 | D:2      | Reached XP level 5. HP: 24/24 MP: 7/10
  2170 | D:3      | Reached skill level 5 in Hexes
  2679 | D:3      | Reached XP level 6. HP: 29/29 MP: 11/11
  2823 | D:4      | You fall into a shaft and drop 1 floor!
  2823 | D:5      | Entered Level 5 of the Dungeon
  2828 | D:5      | Identified the +4 falchion of Kauggev {flame, Str+4}
  2947 | D:6      | Noticed an ice beast
  3042 | D:5      | Reached skill level 1 in Evocations
  3098 | D:5      | Noticed an ice beast
  3128 | D:5      | Killed an ice beast
  3129 | D:5      | Reached skill level 7 in Stealth
  3473 | D:4      | Found a staircase to the Ecumenical Temple.
  3479 | Temple   | Entered the Ecumenical Temple
  3647 | Temple   | Became a worshipper of Uskayaw the Reveller
  3785 | D:4      | Reached * piety under Uskayaw
  4233 | D:5      | Noticed Duvessa
  4233 | D:5      | Noticed Dowan
  4238 | D:5      | Killed Dowan
  4239 | D:5      | Reached XP level 7. HP: 32/32 MP: 9/12
  4241 | D:5      | Reached ** piety under Uskayaw
  4590 | D:6      | Found a glowing silver altar of Zin.
  4590 | D:6      | Found Zin's Purification Station.
  4599 | D:6      | Reached skill level 1 in Fighting
  4599 | D:6      | Reached skill level 8 in Stealth
  4599 | D:6      | Reached skill level 1 in Invocations
  5186 | D:5      | Found a sacrificial altar of Ru.
  5501 | D:6      | Noticed Eustachio
  5524 | D:6      | Killed Eustachio
  5895 | D:6      | Reached XP level 8. HP: 37/37 MP: 13/13
  5911 | D:6      | Reached skill level 9 in Stealth
  5951 | D:6      | Found a shadowy altar of Dithmenos.
  5976 | D:6      | Noticed Pikel
  6004 | D:5      | Slain by Duvessa

Illustrated notes

Levels and vault maps discovered:
D:1:      ebering_trefoil_3fold, layout_basic, minmay_split_cup_large
D:2:      layout_basic, hellmonk_ecumenical_altar_leap_of_faith,
          serial_park_tiny_2, uniq_terence
D:3:      layout_loops_cross
D:4:      layout_basic, minmay_temple_entry_butterflies,
          minmay_misc_feat_diagonals
D:5:      minmay_opposing_rooms, layout_basic, nicolae_ru_the_path_less_chosen,
          uniq_duvessa
D:6:      layout_loops_ring, zin_purify, grunt_dithmenos_smoke_and_mirrors,
          kennysheep_generic_room_9, uniq_eustachio, uniq_grinder, uniq_pikel
Temple:   hellmonk_temple_forest_ring

Skill      XL: |  1  2  3  4  5  6  7  8 |
---------------+-------------------------+-----
Hexes          | 4 5 6 |  6.7
Stealth        | 5 6 7 8 9 |  9.0
Dodging        | 3 4 |  4.5
Spellcasting   | 3 |  3.0
Translocations | 1 2 3 |  3.0
Short Blades   | 2 3 |  3.6
Ice Magic      | 1 |  1.0
Evocations     | 1 |  1.0
Fighting       | 1 |  1.2
Invocations    | 2 |  2.3
Throwing       | |  0.5

Action                     |  1- 3 |  4- 6 |  7- 9 || total
---------------------------+-------+-------+-------++-------
  Melee: Dagger            |   107 |   179 |    78 ||   364
         Punch             |       |     3 |       ||     3
  Throw: Dart              |       |       |     4 ||     4
         Stone             |       |       |     3 ||     3
   Cast: Ensorcelled Hiber |    14 |    33 |     5 ||    52
         Confusing Touch   |       |     5 |    12 ||    17
         Blink             |       |     1 |     3 ||     4
 Invoke: Stomp             |       |     1 |       ||     1
         Line Pass         |       |       |     1 ||     1
  Evoke: Wand              |       |       |     4 ||     4
   Stab: Sleeping          |    20 |    28 |     8 ||    56
         Confused          |       |     3 |     6 ||     9
 Armour: Robe              |    12 |    13 |       ||    25
  Dodge: Dodged            |    76 |   127 |    43 ||   246
